 Dungeon Crawl Stone Soup version 0.26.1-2-gb8aa6d0cf2 (webtiles) character file.

Game seed: 11584597226762428991

79 theEndsummarily the Insei (level 4, -1/29 HPs)
             Began as an Octopode Transmuter on Feb 11, 2021.
             Slain by a goblin
             ... wielding a +0 spear
             ... led by Robin
              (4 damage)
             ... on level 2 of the Dungeon.
             The game lasted 00:04:52 (2511 turns).

theEndsummarily the Insei (Octopode Transmuter)     Turns: 2511, Time: 00:04:52

Health: -1/29      AC:  1    Str:  9    XL:     4   Next: 37%
Magic:  7/7        EV: 14    Int: 15    God:
Gold:   97         SH:  0    Dex: 13    Spells: 7/8 levels left

rFire    . . .     SeeInvis .     - Unarmed
rCold    . . .     Faith    .   (no shield)
rNeg     . . .     Spirit   .   (helmet restricted)
rPois    .         Reflect  .   (no amulet)
rElec    .         Harm     .   (no ring)
rCorr    .         Rampage  .   (no ring)
Will     .....                  (no ring)
Stlth    +++.......             (no ring)
HPRegen  0.09/turn              (no ring)
MPRegen  0.10/turn              (no ring)
                                (no ring)
                                (no ring)

@: no status effects
A: almost no armour, stealthy swim, amphibious, 8 rings, constrict 8, camouflage
1, gelatinous body 1
a: no special abilities


You were on level 2 of the Dungeon.
You visited 1 branch of the dungeon, and saw 2 of its levels.

You collected 97 gold pieces.

Inventory:

Missiles
 g - 4 atropa-tipped darts
Scrolls
 a - 5 scrolls of identify {unknown}
 d - a scroll of remove curse {unknown}
 e - a scroll of amnesia {unknown}
 f - a scroll of fear {unknown}
 j - a scroll of noise {unknown}
 l - a scroll of magic mapping {unknown}
Potions
 b - a potion of berserk rage {unknown}
 c - 2 potions of degeneration {unknown}
 h - a potion of lignification {unknown}
 i - a potion of cancellation {unknown}
 k - a potion of heal wounds {unknown}


   Skills:
 + Level 1.9 Fighting
 + Level 2.6 Dodging
 + Level 2.3 Stealth
 - Level 3.0 Unarmed Combat
 + Level 2.5 Spellcasting
 + Level 2.6 Transmutations


You had 7 spell levels left.
You knew the following spells:

 Your Spells              Type           Power        Failure   Level
a - Beastly Appendage     Tmut           18%          8%          1

Your spell library contained the following spells:

 Spells                   Type           Power        Failure   Level
 Wereblood                Tmut           9%           11%         2
 Spider Form              Tmut/Pois      2%           36%         3
 Ice Form                 Ice/Tmut       5%           77%         4
 Blade Hands              Tmut           4%           90%         5


Dungeon Overview and Level Annotations

Branches:
Dungeon (2/15)

Altars:
Elyvilon


Innate Abilities, Weirdness & Mutations

You cannot wear most types of armour.
You are very stealthy in the water. (Stealth+)
You are amphibious.
You can wear up to eight rings at the same time.
You can use your tentacles to constrict eight enemies at once.
Your skin changes colour to match your surroundings (Stealth+).
Your rubbery body absorbs attacks. (AC +1, EV +1)


Message History

You closely miss the goblin. Your grab misses the goblin.
The goblin unwields a +0 hunting sling.
The goblin wields a +0 spear.
The goblin hits you with a +0 spear! The hobgoblin hits you.
* * * LOW HITPOINT WARNING * * *
You barely miss the goblin. You grab the goblin.
Your squeeze misses the goblin.
You constrict the goblin, but do no damage.
You tentacle-slap the goblin but do no damage.
You constrict the goblin. The goblin hits you with a +0 spear.
* * * LOW HITPOINT WARNING * * *
The hobgoblin closely misses you.
You tentacle-slap the goblin but do no damage.
The goblin is heavily wounded.
You constrict the goblin, but do no damage.
The goblin hits you with a +0 spear.
* * * LOW HITPOINT WARNING * * *
The hobgoblin barely misses you.
You release your grip on the goblin.
The goblin hits you from afar with a +0 spear.
You die...

.<....##.# #..#
####.###.######### ##.#
.......#.........# #.#
.###.#.#.........# #.##
#.#...........### #..# #
#.####..........# ##.# ######
####.#####(...#.##.# #.# #...#.
.g..)..........g.#.####.####...#.
####..........g.@(.)(..........>.
#....#####.....######.##.#####...
#.##.# #.......# #.##..# #.#. .
#.# #.#####.#### #.....####...
#.# #.# #....# #..........#. ###
### ####.# #............
#.###.##.#.#..... ♣♣♣
#.#.#.........#.. ♣♣♣.♣♣♣
♣♣#(#....#..<.###..


You could see a hobgoblin and a goblin.

Vanquished Creatures
  Robin (D:2)
  An adder (D:2)
  A shadow imp (D:2)
  3 dart slugs
  A leopard gecko (D:1)
  A bat (D:1)
  2 giant cockroaches
  10 goblins
  9 hobgoblins
  A quokka (D:2)
  3 frilled lizards
  4 kobolds
  4 rats
41 creatures vanquished.

Notes
Turn   | Place    | Note
-------+----------+-------------------------------------------
     0 | D:1      | theEndsummarily the Octopode Transmuter began the quest for
                  | the Orb.
     0 | D:1      | Reached XP level 1. HP: 13/13 MP: 3/3
   200 | D:1      | Reached XP level 2. HP: 18/18 MP: 5/5
   478 | D:1      | Reached skill level 1 in Stealth
  1336 | D:1      | Reached XP level 3. HP: 23/23 MP: 4/6
  1453 | D:2      | Noticed Robin
  1914 | D:2      | Found a white marble altar of Elyvilon.
  2428 | D:2      | Killed Robin
  2429 | D:2      | Reached XP level 4. HP: 14/29 MP: 5/7
  2511 | D:2      | Slain by a goblin

Illustrated notes

Levels and vault maps discovered:
D:1:      dpeg_arrival_rooms_with_view, layout_basic
D:2:      layout_basic, elyvilon_altar_3, uniq_robin

Skill      XL: |  1  2  3 |
---------------+----------+-----
Stealth        | 1 2 |  2.3
Fighting       | |  1.9
Dodging        | |  2.6
Unarmed Combat | |  3.0
Spellcasting   | |  2.5
Transmutations | |  2.6

Action                   |  1- 3 |  4- 6 || total
-------------------------+-------+-------++-------
Melee: Unarmed           |    78 |    22 ||   100
       Constrict         |    22 |     5 ||    27
       Kick              |     8 |     4 ||    12
       Tentacles         |    16 |     2 ||    18
       Punch             |     3 |       ||     3
 Cast: Beastly Appendage |    14 |     1 ||    15
 Stab: Sleeping          |     8 |       ||     8
Armor: Skin              |     3 |       ||     3
Dodge: Dodged            |    43 |    12 ||    55
